ITL
ALLENTOWN HILLBILLIES @ INDIANA HOUNDS
05/16/2030
 
TOP OF THE 1ST
Allentown Hillbillies batting - Pitching for Indiana Hounds : RHP Bob Cunningham
Pitching: RHP Bob Cunningham
Batting: LHB Júlio Lorenzo 0-0: Swinging Strike
0-1: Foul Ball, location: 2F
0-2: SINGLE (Line Drive, 4MD)
Batting: SHB Travis Martin 0-0: Called Strike
0-1: Called Strike
0-2: Ball
1-2: Fly out, F9 (Flyball, 89S)
Batting: RHB Donald Sanford 0-0: Called Strike
0-1: Called Strike
0-2: Ball
1-2: Foul Ball, location: 2F
1-2: Ball
2-2: Ball
3-2: Fly out, F7 (Flyball, 7LS)
Batting: LHB Alfonso Ruíz 0-0: Hit by Pitch
Júlio Lorenzo to second
Batting: LHB Ryan Flynn 0-0: Called Strike
0-1: Ball
1-1: Ball
2-1: Swinging Strike
2-2: 3-RUN HOME RUN (Flyball, 9LD), Distance : 322 ft
Batting: RHB Von Ford 0-0: Ground out 4-3 (Groundball, 4)
Top of the 1st over - 3 runs, 2 hits, 0 errors, 0 left on base; Allentown 3 - Indiana 0
BOTTOM OF THE 1ST
Indiana Hounds batting - Pitching for Allentown Hillbillies : RHP Carlos García
Pitching: RHP Carlos García
Batting: RHB Henry Haines 0-0: Called Strike
0-1: Ball
1-1: Foul Ball, location: 2F
1-2: Foul Ball, location: 2F
1-2: Ball
2-2: Strikes out swinging
Batting: RHB Remi Eruzione 0-0: Swinging Strike
0-1: Called Strike
0-2: Ball
1-2: Ball
2-2: Ball
3-2: SINGLE (Line Drive, 7S)
Batting: RHB Vicente Valentín 0-0: Ball
1-0: Called Strike
1-1: Ball
2-1: Foul Ball, location: 2F
2-2: Foul Ball, location: 2F
2-2: Foul Ball, location: 2F
2-2: SINGLE (Groundball, 34D)
Remi Eruzione to second
Runner from 2nd tries for 3rd, OUT!
Batting: RHB Roberto Cardona 0-0: Ground out 1-3 (Groundball, P)
Bottom of the 1st over - 0 runs, 2 hits, 0 errors, 1 left on base; Allentown 3 - Indiana 0
TOP OF THE 2ND
Allentown Hillbillies batting - Pitching for Indiana Hounds : RHP Bob Cunningham
Batting: RHB Germano Labrego 0-0: Called Strike
0-1: Fly out, F8 (Flyball, 8LM)
Batting: RHB Robert Bly 0-0: Called Strike
0-1: Foul Ball, location: 2F
0-2: Strikes out swinging
Batting: LHB António Salazar 0-0: Ball
1-0: Ground out U3 (Groundball, 34S)
Top of the 2nd over - 0 runs, 0 hits, 0 errors, 0 left on base; Allentown 3 - Indiana 0
BOTTOM OF THE 2ND
Indiana Hounds batting - Pitching for Allentown Hillbillies : RHP Carlos García
Batting: RHB Víctor Márquez 0-0: Foul Ball, location: 2F
0-1: Foul Ball, location: 2F
0-2: Hit by Pitch
Batting: RHB Juan Jose Guevana 0-0: Called Strike
0-1: Swinging Strike
0-2: Strikes out swinging
Batting: RHB Octávio Zúñiga 0-0: Called Strike
0-1: Foul Ball, location: 2F
0-2: Ball
1-2: Foul Ball, location: 2F
1-2: Ball
2-2: Fielders Choice at 2nd, 5-4 (Groundball, 56)
Batting: RHB Danny Walker 0-0: Ball
1-0: Ball
2-0: Called Strike
2-1: Foul Ball, location: 2F
2-2: Foul Ball, location: 2F
2-2: Foul Ball, location: 2F
2-2: Ball
3-2: Base on Balls
Octávio Zúñiga to second
Batting: RHB Anastasio Movonda 0-0: Ball
1-0: Ball
2-0: SINGLE (Line Drive, 78S)
Octávio Zúñiga to third
Danny Walker to second
Runner from 3rd tries for Home, SAFE, no throw
Batting: RHB Henry Haines 0-0: Foul Ball, location: 2F
0-1: Ball
1-1: Ball
2-1: Ball
3-1: Called Strike
3-2: Base on Balls
Danny Walker to third
Anastasio Movonda to second
Batting: RHB Remi Eruzione 0-0: Ball
1-0: Foul Ball, location: 2F
1-1: Swinging Strike
1-2: Ball
2-2: Foul Ball, location: 2F
2-2: Strikes out looking
Bottom of the 2nd over - 1 run, 1 hit, 0 errors, 3 left on base; Allentown 3 - Indiana 1
TOP OF THE 3RD
Allentown Hillbillies batting - Pitching for Indiana Hounds : RHP Bob Cunningham
Batting: LHB Júlio Lorenzo 0-0: Ball
1-0: Called Strike
1-1: Fly out, F6 (Line Drive, 6)
Batting: SHB Travis Martin 0-0: Ball
1-0: Ground out 4-3 (Groundball, 4S)
Batting: RHB Donald Sanford 0-0: Ball
1-0: Ball
2-0: Called Strike
2-1: Ball
3-1: Base on Balls
Batting: LHB Alfonso Ruíz 0-0: Ball
1-0: Fly out, F7 (Flyball, 7S)
Top of the 3rd over - 0 runs, 0 hits, 0 errors, 1 left on base; Allentown 3 - Indiana 1
BOTTOM OF THE 3RD
Indiana Hounds batting - Pitching for Allentown Hillbillies : RHP Carlos García
Batting: RHB Vicente Valentín 0-0: Ball
1-0: Swinging Strike
1-1: Ball
2-1: Foul Ball, location: 2F
2-2: Ball
3-2: Base on Balls
Batting: RHB Roberto Cardona 0-0: Ball
1-0: SINGLE (Groundball, 6D)
Vicente Valentín to second
Vicente Valentín to third
Batting: RHB Víctor Márquez 0-0: Called Strike
0-1: Swinging Strike
0-2: Ball
1-2: Ball
2-2: Foul Ball, location: 2F
2-2: Foul Ball, location: 2F
2-2: Foul Ball, location: 2F
2-2: Ball
3-2: DOUBLE (Line Drive, 78D)
Vicente Valentín scores
Roberto Cardona to third
Batting: RHB Juan Jose Guevana 0-0: Ball
1-0: Swinging Strike
1-1: Foul Ball, location: 2F
1-2: Strikes out swinging passed ball, reaches first!
Roberto Cardona scores
Víctor Márquez to third
Batting: RHB Octávio Zúñiga 0-0: Called Strike
0-1: Ball
1-1: Foul Ball, location: 2F
1-2: Ball
2-2: Ball
3-2: Foul Ball, location: 2F
3-2: Base on Balls
Juan Jose Guevana to second
Pitching: RHP Millard Manning
Batting: RHB Danny Walker 0-0: Called Strike
0-1: Ball
1-1: Called Strike
1-2: Foul Ball, location: 2F
1-2: Foul Ball, location: 2F
1-2: Reached on error, E6 (Groundball, 6)
Víctor Márquez scores
Juan Jose Guevana to third
Octávio Zúñiga to second
Batting: RHB Anastasio Movonda 0-0: Ball
1-0: Called Strike
1-1: Foul Ball, location: 2F
1-2: Ball
2-2: Ball
3-2: Foul Ball, location: 2F
3-2: Foul Ball, location: 2F
3-2: Foul Ball, location: 2F
3-2: Strikes out swinging
Batting: RHB Henry Haines 0-0: SINGLE (Groundball, 4D)
Juan Jose Guevana scores
Octávio Zúñiga to third
Danny Walker to second
Batting: RHB Remi Eruzione 0-0: Foul Ball, location: 2F
0-1: Ball
1-1: Ball
2-1: Fly out, F9 (Line Drive, 89D)
Runner from 3rd tags up, SCORES, no throw
Batting: RHB Vicente Valentín 0-0: Ball
1-0: Fielders Choice at 2nd, U4 (Groundball, 4M)
Bottom of the 3rd over - 5 runs, 3 hits, 1 error, 2 left on base; Allentown 3 - Indiana 6
TOP OF THE 4TH
Allentown Hillbillies batting - Pitching for Indiana Hounds : RHP Bob Cunningham
Batting: LHB Ryan Flynn 0-0: Called Strike
0-1: Ball
1-1: Ball
2-1: Fly out, F9 (Flyball, 9LSF)
Batting: RHB Von Ford 0-0: Called Strike
0-1: Foul Ball, location: 2F
0-2: Foul Ball, location: 2F
0-2: Ball
1-2: Foul Ball, location: 2F
1-2: Ball
2-2: Foul Ball, location: 2F
2-2: Ball
3-2: Foul Ball, location: 2F
3-2: Foul Ball, location: 2F
3-2: Strikes out swinging
Batting: RHB Germano Labrego 0-0: Foul Ball, location: 2F
0-1: Swinging Strike
0-2: Strikes out looking
Top of the 4th over - 0 runs, 0 hits, 0 errors, 0 left on base; Allentown 3 - Indiana 6
BOTTOM OF THE 4TH
Indiana Hounds batting - Pitching for Allentown Hillbillies : RHP Millard Manning
Batting: RHB Roberto Cardona 0-0: Called Strike
0-1: Ball
1-1: Called Strike
1-2: Strikes out swinging
Batting: RHB Víctor Márquez 0-0: Ball
1-0: Ball
2-0: Swinging Strike
2-1: Ground out 4-3 (Groundball, 4)
Batting: RHB Juan Jose Guevana 0-0: Ball
1-0: Ball
2-0: Foul Ball, location: 2F
2-1: Fly out, F8 (Flyball, 8RM)
Bottom of the 4th over - 0 runs, 0 hits, 0 errors, 0 left on base; Allentown 3 - Indiana 6
TOP OF THE 5TH
Allentown Hillbillies batting - Pitching for Indiana Hounds : RHP Bob Cunningham
Batting: RHB Robert Bly 0-0: Ball
1-0: SINGLE (Line Drive, 89S)
Batting: LHB António Salazar 0-0: Ball
1-0: Foul Ball, location: 2F
1-1: Foul Ball, location: 2F
1-2: Foul Ball, location: 2F
1-2: Strikes out swinging
Batting: LHB Júlio Lorenzo 0-0: Ball
1-0: TRIPLE (Line Drive, 7D)
Robert Bly scores
Pitching: RHP Ignacio Medina
Batting: SHB Travis Martin 0-0: Ball
1-0: Called Strike
1-1: Ground out 4-3 (Groundball, 4)
Júlio Lorenzo scores
Batting: RHB Donald Sanford 0-0: Swinging Strike
0-1: Foul Ball, location: 2F
0-2: Ball
1-2: Foul Ball, location: 2F
1-2: Ball
2-2: Strikes out swinging
Top of the 5th over - 2 runs, 2 hits, 0 errors, 0 left on base; Allentown 5 - Indiana 6
BOTTOM OF THE 5TH
Indiana Hounds batting - Pitching for Allentown Hillbillies : RHP Millard Manning
Batting: RHB Octávio Zúñiga 0-0: Fly out, F8 (Line Drive, 8LD)
Batting: RHB Danny Walker 0-0: Ball
1-0: Fly out, F8 (Flyball, 8LS)
Batting: RHB Anastasio Movonda 0-0: Called Strike
0-1: Ball
1-1: SINGLE (Groundball, 4MD)
Batting: RHB Henry Haines 0-0: Called Strike
0-1: Ball
1-1: Foul Ball, location: 2F
1-2: Ball
2-2: Foul Ball, location: 2F
2-2: Strikes out looking
Bottom of the 5th over - 0 runs, 1 hit, 0 errors, 1 left on base; Allentown 5 - Indiana 6
TOP OF THE 6TH
Allentown Hillbillies batting - Pitching for Indiana Hounds : RHP Ignacio Medina
Batting: LHB Alfonso Ruíz 0-0: Called Strike
0-1: Foul Ball, location: 2F
0-2: Foul Ball, location: 2F
0-2: Ball
1-2: Reached on error, E5 (Groundball, 56)
Batting: LHB Ryan Flynn 0-0: Fly out, F9 (Flyball, 9)
Batting: RHB Von Ford 0-0: Called Strike
0-1: Ball
1-1: DOUBLE (Line Drive, 89D)
Alfonso Ruíz to third
Batting: RHB Germano Labrego 0-0: Ball
1-0: Ball
2-0: Called Strike
2-1: Foul Ball, location: 2F
2-2: Foul Ball, location: 2F
2-2: Ball
3-2: Base on Balls
Batting: RHB Robert Bly 0-0: Fly out, F8 (Flyball, 8LS)
Runner from 3rd tags up, OUT at HOME
Top of the 6th over - 0 runs, 1 hit, 1 error, 2 left on base; Allentown 5 - Indiana 6
BOTTOM OF THE 6TH
Indiana Hounds batting - Pitching for Allentown Hillbillies : RHP Millard Manning
Batting: RHB Remi Eruzione 0-0: Foul Ball, location: 2F
0-1: Ball
1-1: Ball
2-1: Foul Ball, location: 2F
2-2: Ball
3-2: Fly out, F9 (Flyball, 89D)
Pitching: LHP Emílio Trevino
Batting: RHB Vicente Valentín 0-0: Fly out, F3 (Popup, 34S)
Batting: RHB Roberto Cardona 0-0: Ball
1-0: Called Strike
1-1: Ball
2-1: Ball
3-1: SOLO HOME RUN (Flyball, 7LD), Distance : 327 ft
Batting: RHB Víctor Márquez 0-0: Ball
1-0: Ball
2-0: Ball
3-0: Base on Balls
Batting: RHB Juan Jose Guevana 0-0: Swinging Strike
0-1: Ball
1-1: Ball
2-1: Ground out 5-3 (Groundball, 56)
Bottom of the 6th over - 1 run, 1 hit, 0 errors, 1 left on base; Allentown 5 - Indiana 7
TOP OF THE 7TH
Allentown Hillbillies batting - Pitching for Indiana Hounds : RHP Ignacio Medina
Pitching: LHP Corey Moore
Batting: LHB António Salazar 0-0: Ball
1-0: Called Strike
1-1: Swinging Strike
1-2: Ball
2-2: Foul Ball, location: 2F
2-2: Ball
3-2: SINGLE (Flyball, 9S)
Batting: LHB Júlio Lorenzo 0-0: Ball
1-0: Ball
2-0: Ball
3-0: Called Strike
3-1: Foul Ball, location: 2F
3-2: Foul Ball, location: 2F
3-2: Grounds into double play, 4-6-3 (Groundball, 4)
Pitching: RHP Edgar Martínez
Batting: SHB Travis Martin 0-0: Ball
1-0: Ball
2-0: Called Strike
2-1: Called Strike
2-2: Foul Ball, location: 2F
2-2: Foul Ball, location: 2F
2-2: Foul Ball, location: 2F
2-2: Strikes out swinging
Top of the 7th over - 0 runs, 1 hit, 0 errors, 0 left on base; Allentown 5 - Indiana 7
BOTTOM OF THE 7TH
Indiana Hounds batting - Pitching for Allentown Hillbillies : LHP Emílio Trevino
Batting: RHB Octávio Zúñiga 0-0: Ball
1-0: Foul Ball, location: 2F
1-1: Ball
2-1: Swinging Strike
2-2: Strikes out looking and he ARGUES THE CALL AND IS TOSSED!
Batting: RHB Danny Walker 0-0: Ball
1-0: Foul Ball, location: 2F
1-1: Ball
2-1: Swinging Strike
2-2: Ground out 6-3 (Groundball, 6)
Batting: RHB Anastasio Movonda 0-0: Foul Ball, location: 2F
0-1: Swinging Strike
0-2: Ball
1-2: Ball
2-2: Ball
3-2: Base on Balls
Batting: RHB Henry Haines 0-0: Called Strike
0-1: Called Strike
0-2: Ball
1-2: Ball
2-2: Ball
3-2: Foul Ball, location: 2F
3-2: Base on Balls
Anastasio Movonda to second
Batting: RHB Remi Eruzione 0-0: Ball
1-0: Foul Ball, location: 2F
1-1: Ball
2-1: Foul Ball, location: 2F
2-2: Strikes out looking
Bottom of the 7th over - 0 runs, 0 hits, 0 errors, 2 left on base; Allentown 5 - Indiana 7
TOP OF THE 8TH
Allentown Hillbillies batting - Pitching for Indiana Hounds : RHP Edgar Martínez
Now in RF: Pepe Vázquez
Batting: RHB Donald Sanford 0-0: Called Strike
0-1: Foul Ball, location: 2F
0-2: Ball
1-2: Strikes out swinging
Batting: LHB Alfonso Ruíz 0-0: Ball
1-0: Ground out 6-3 (Groundball, 6)
Pitching: RHP Mike Meeks
Batting: LHB Ryan Flynn 0-0: Ball
1-0: Ball
2-0: Foul Ball, location: 2F
2-1: Swinging Strike
2-2: Foul Ball, location: 2F
2-2: Fly out, F9 (Flyball, 89S)
Top of the 8th over - 0 runs, 0 hits, 0 errors, 0 left on base; Allentown 5 - Indiana 7
BOTTOM OF THE 8TH
Indiana Hounds batting - Pitching for Allentown Hillbillies : LHP Emílio Trevino
Batting: RHB Vicente Valentín 0-0: SOLO HOME RUN (Flyball, 7LD), Distance : 495 ft
Pitching: LHP Alberto Maldonado
Batting: RHB Roberto Cardona 0-0: Ball
1-0: SINGLE (Flyball, 89M)
Batting: RHB Víctor Márquez 0-0: Ball
1-0: Ball
2-0: Ball
3-0: Base on Balls
Roberto Cardona to second
Batting: RHB Juan Jose Guevana 0-0: Ball
1-0: Swinging Strike
1-1: Swinging Strike
1-2: Ball
2-2: SINGLE (Flyball, 9LS)
Roberto Cardona to third
Víctor Márquez to second
Runner from 3rd tries for Home, SAFE, no throw
Batting: LHB Pepe Vázquez 0-0: Foul Ball, location: 2F
0-1: Called Strike
0-2: Foul Ball, location: 2F
0-2: Fly out, F8 (Flyball, 8LS)
Batting: RHB Danny Walker 0-0: Ball
1-0: Foul Ball, location: 2F
1-1: Foul Ball, location: 2F
1-2: DOUBLE (Line Drive, 7LM)
Víctor Márquez scores
Juan Jose Guevana to third
Runner from 3rd tries for Home, SAFE, no throw
Batting: RHB Anastasio Movonda 0-0: Ground out 4-3 (Groundball, 4M)
Danny Walker to third
Batting: RHB Henry Haines 0-0: Foul Ball, location: 2F
0-1: Called Strike
0-2: Strikes out looking
Bottom of the 8th over - 4 runs, 4 hits, 0 errors, 1 left on base; Allentown 5 - Indiana 11
TOP OF THE 9TH
Allentown Hillbillies batting - Pitching for Indiana Hounds : RHP Mike Meeks
Batting: RHB Von Ford 0-0: Ball
1-0: Ball
2-0: Called Strike
2-1: Ball
3-1: Foul Ball, location: 2F
3-2: Foul Ball, location: 2F
3-2: Foul Ball, location: 2F
3-2: Foul Ball, location: 2F
3-2: Fly out, F6 (Line Drive, 6M)
Batting: RHB Germano Labrego 0-0: Ball
1-0: Swinging Strike
1-1: SOLO HOME RUN (Line Drive, 7LD), Distance : 319 ft
Batting: RHB Robert Bly 0-0: SINGLE (Line Drive, 56)
Batting: LHB António Salazar 0-0: Called Strike
0-1: Ball
1-1: Foul Ball, location: 2F
1-2: Grounds into double play, 4-6-3 (Groundball, 4)
Top of the 9th over - 1 run, 2 hits, 0 errors, 0 left on base; Allentown 6 - Indiana 11
Saturday, April 7th, 2018 - OOTP Baseball 18.8 Build 76